 Dungeon Crawl Stone Soup version 0.18.1-50-g88ac8fd (webtiles) character file.

642 hurricos the Magician (level 7, -9/36 HPs)
             Began as a Deep Elf Wizard on Oct 16, 2016.
             Mangled by a gnoll
             ... wielding a +0 halberd
              (16 damage)
             ... on level 4 of the Dungeon.
             The game lasted 00:04:08 (4634 turns).

hurricos the Magician (Deep Elf Wizard)             Turns: 4634, Time: 00:04:09

Health: -9/36      AC:  4    Str:  4    XL:     7   Next: 26%
Magic:  13/19      EV: 13    Int: 25    God:
Gold:   213        SH:  0    Dex: 13    Spells: 5 memorised, 9 levels left

rFire  . . .     SeeInvis .     a - +1 dagger (venom)
rCold  . . .     Gourm    .     m - +2 robe {rN+}
rNeg   + . .     Faith    .     (no shield)
rPois  .         Spirit   .     b - +0 hat
rElec  .         Dismiss  .     (no cloak)
rCorr  .         Reflect  .     (no gloves)
SustAt .         Harm     .     (no boots)
MR     .....                    (no amulet)
Stlth  ++........               (no ring)
                                (no ring)

@: repel missiles, not resistant to hostile enchantments, unstealthy
A: no striking features
a: no special abilities


You were on level 4 of the Dungeon.
You were not hungry.

You visited 1 branch of the dungeon, and saw 4 of its levels.

You collected 213 gold pieces.

Inventory:

Hand Weapons
 a - a +1 dagger of venom (weapon)
Armour
 b - a +0 hat (worn)
 f - a +0 robe
 m - a +2 robe of positive energy (worn)
Wands
 e - a wand of flame (18/48)
Scrolls
 h - a scroll of enchant armour {unknown}
 i - 3 scrolls of identify {unknown}
 k - 4 scrolls of teleportation {unknown}
 n - 2 scrolls of remove curse {unknown}
 u - a scroll of magic mapping {unknown}
 x - a scroll of recharging {unknown}
Potions
 g - a potion of flight {unknown}
 l - a potion of haste {unknown}
 o - a potion of lignification {unknown}
 r - 4 potions of curing
 s - a potion of mutation {unknown}
 v - a potion of berserk rage {unknown}
 w - 3 potions of agility {unknown}
 z - a potion of ambrosia {unknown}
Books
 c - a book of Minor Magic

   Spells                             Type                      Level
   a - Magic Dart                     Conjuration                  1
   b - Blink                          Translocation                2
   c - Call Imp                       Summoning                    2
   d - Repel Missiles                 Charms/Air                   2
   e - Slow                           Hexes                        2
   f - Conjure Flame                  Conjuration/Fire             3
   g - Mephitic Cloud                 Conjuration/Poison/Air       3
Comestibles
 d - 6 bread rations
 p - a beef jerky
 q - 4 meat rations
 t - a royal jelly


   Skills:
 + Level 3.2 Dodging
 - Level 2.4 Stealth
 + Level 7.3 Spellcasting
 * Level 6.8 Conjurations
   Level 1.1 Summonings
 - Level 1.1 Translocations


You had 9 spell levels left.
You knew the following spells:

 Your Spells              Type           Power        Failure   Level  Hunger
a - Magic Dart            Conj           ####         1%          1    None
b - Blink                 Tloc           N/A          10%         2    None
d - Conjure Flame         Conj/Fire      ####....     6%          3    None
e - Mephitic Cloud        Conj/Pois/Air  ###.....     10%         3    None
k - Repel Missiles        Chrm/Air       #.....       12%         2    None


Dungeon Overview and Level Annotations

Branches:
Dungeon (4/15)
 Temple: D:4-7

Altars:
Trog


Message History

The gnoll shouts!
The eye of draining turns its gaze towards you.
The eye of draining gazes at you.
You feel your power leaking away. The eye of draining gazes at you.
You feel your power leaking away.
An eye of draining comes into view.
Found an escape hatch in the ceiling.
A gnoll is nearby!
Press: ? - help, v - describe, . - travel
Here: a gnoll, wielding a halberd The floor.
The gnoll hits you with a halberd!
You barely miss the gnoll.
The gnoll hits you from afar with a halberd!
The gnoll hits you with a halberd!
* * * LOW HITPOINT WARNING * * *
You barely miss the gnoll.
The gnoll hits you from afar with a halberd!
You die...

#.#.< #.#.###
#.#>.. #####'#.#
#.......#
#..)....#
#...)...#########
#.......##g.g...#
#......@#..##...#
#####...gg##
....#
#########.....#
g..8.#
#.............#
...G.#
#.#########.###
G....# #.# #.#
.G..##
#.#########.#
...##
#........†..#
#############


You could see 2 gnolls.

Vanquished Creatures
  The ghost of Shufflesack the Sneak, an amateur HaAs (D:3)
  A hound (D:4)
  2 orc priests (D:3)
  4 orc wizards
  Jessica (D:2)
  Ijyb (D:2)
  Natasha (twice) (D:2)
  8 gnolls (D:3)
  3 adders
  2 oozes (D:1)
  3 worms
  2 dart slugs
  A giant gecko (D:3)
  17 orcs
  8 bats
  5 giant cockroaches
  12 goblins
  9 hobgoblins
  6 jackals
  3 quokkas (D:2)
  2 giant newts
  6 kobolds
  5 rats
104 creatures vanquished.

Notes
Turn   | Place    | Note
--------------------------------------------------------------
     0 | D:1      | hurricos the Deep Elf Wizard began the quest for the Orb.
     0 | D:1      | Reached XP level 1. HP: 10/10 MP: 7/7
   262 | D:1      | Reached XP level 2. HP: 15/15 MP: 6/9
   315 | D:1      | Learned a level 2 spell: Blink
   318 | D:1      | Learned a level 2 spell: Repel Missiles
   587 | D:1      | Reached XP level 3. HP: 9/19 MP: 7/11
   592 | D:1      | Learned a level 3 spell: Conjure Flame
   596 | D:1      | Learned a level 3 spell: Mephitic Cloud
   877 | D:2      | Noticed Jessica
   883 | D:2      | Killed Jessica
   883 | D:2      | Reached skill level 5 in Spellcasting
  1050 | D:2      | Reached XP level 4. HP: 19/24 MP: 3/13
  1054 | D:2      | Noticed Ijyb
  1057 | D:2      | Noticed Natasha
  1071 | D:2      | Killed Natasha
  1080 | D:2      | Killed Ijyb
  1406 | D:2      | Reached XP level 5. HP: 26/28 MP: 10/14
  1846 | D:2      | Noticed Natasha
  1855 | D:2      | Killed Natasha
  1959 | D:3      | Noticed Shufflesack's ghost (amateur HaAs)
  2171 | D:3      | Reached skill level 6 in Spellcasting
  2179 | D:3      | Reached skill level 5 in Conjurations
  3171 | D:3      | Killed Shufflesack's ghost
  3171 | D:3      | Reached XP level 6. HP: 18/32 MP: 5/17
  3733 | D:3      | Reached skill level 7 in Spellcasting
  4113 | D:3      | Reached XP level 7. HP: 35/36 MP: 11/19
  4623 | D:4      | Found a bloodstained altar of Trog.
  4634 | D:4      | Mangled by a gnoll

Skill      XL: |  1  2  3  4  5  6  7 |
---------------+----------------------+-----
Conjurations   | 2 3 4 5 6 |  6.8
Spellcasting   | 5 6 7 |  7.3
Dodging        | 3 |  3.2
Stealth        | |  2.4
Summonings     | |  1.1
Translocations | |  1.1

Action                   |  1- 3 |  4- 6 |  7- 9 || total
-------------------------+-------+-------+-------++-------
Melee: Short sword       |    13 |       |       ||    13
       Unarmed           |     5 |       |       ||     5
       Dagger            |    10 |    48 |    17 ||    75
 Cast: Magic Dart        |    59 |   168 |    32 ||   259
       Mephitic Cloud    |       |     8 |     2 ||    10
       Repel Missiles    |       |     2 |       ||     2
       Blink             |       |     1 |       ||     1
  Use: Potion            |       |     6 |       ||     6
 Stab: Confused          |       |       |     2 ||     2
  Eat: Chunk             |       |     5 |       ||     5
       Bread ration      |       |     1 |     1 ||     2
Armor: Robe              |    14 |    19 |     1 ||    34
Dodge: Dodged            |    34 |    41 |     8 ||    83
       Deflected         |       |     3 |       ||     3
